 Dungeon Crawl Stone Soup version 0.29.0-7-g18a832c13a (webtiles) character file.

Game seed: 18159469068683166562

56 ProzacElf the Magician (level 3, -2/24 HPs)
             Began as a Demonspawn Wanderer on Aug 30, 2022.
             Was a Follower of Wu Jian.
             Slain by a worm (6 damage)
             ... on level 2 of the Dungeon.
             The game lasted 00:03:23 (1918 turns).

ProzacElf the Magician (Demonspawn Wanderer)        Turns: 1918, Time: 00:03:23

Health: -2/24      AC: 10    Str: 15    XL:     3   Next: 71%
Magic:  8/8        EV: 11    Int: 10    God:    Wu Jian [*.....]
Gold:   70         SH:  0    Dex: 14    Spells: 8/10 levels left

rFire   . . .      SeeInvis .   b - +0 falchion
rCold   . . .      Faith    .   (no shield)
rNeg    . . .      Spirit   .   m - +0 ring mail
rPois   .          Reflect  .   n - +0 helmet
rElec   .          Harm     .   (no cloak)
rCorr   .          Rampage  .   (no gloves)
Will    +....                   (no boots)
Stlth   +.........              (no amulet)
HPRegen 0.08/turn               s - +4 ring of protection {=R}
MPRegen 0.11/turn               k - ring of willpower

@: no status effects
A: ignite blood 1, demonic magic 1
a: Renounce Religion


You were on level 2 of the Dungeon.
You worshipped Wu Jian.
Wu Jian was aware of your devotion.
You visited 1 branch of the dungeon, and saw 2 of its levels.

You collected 70 gold pieces.

Inventory:

Hand Weapons
 a - a +2 dagger
 b - a +0 falchion (weapon)
 w - a +0 war axe
Missiles
 q - 3 curare-tipped darts (quivered)
Armour
 e - a +0 leather armour
 m - a +0 ring mail (worn)
 n - a +0 helmet (worn)
Jewellery
 k - a ring of willpower (right hand)
 s - a +4 ring of protection (left hand) {=R}
 y - a +6 ring of dexterity
Scrolls
 c - 2 scrolls of teleportation
 f - a scroll of vulnerability {unknown}
 i - 2 scrolls of fog {unknown}
 l - 2 scrolls of identify {unknown}
 o - a scroll of noise {unknown}
 r - a scroll of poison {unknown}
 t - a scroll of immolation {unknown}
 u - a scroll of amnesia {unknown}
Potions
 d - 2 potions of lignification
 g - 2 potions of degeneration {unknown}
 h - 2 potions of heal wounds {unknown}
 j - a potion of mutation {unknown}
 p - a potion of ambrosia {unknown}
 v - a potion of attraction {unknown}
 x - a potion of curing {unknown}


   Skills:
 - Level 4.0 Throwing
 - Level 1.0 Armour
 + Level 2.6 Dodging
 - Level 1.0 Stealth
 - Level 4.0 Spellcasting


You had 8 spell levels left.
You knew the following spells:

 Your Spells              Type           Power      Damage    Failure   Level
a - Poisonous Vapours     Pois/Air       4%         N/A       58%         2

Your spell library contained the following spells:

 Spells                   Type           Power      Damage    Failure   Level
 Static Discharge         Conj/Air       2%         3-4/arc   58%         2
 Frozen Ramparts          Ice            4%         1d1       83%         3
 Ice Form                 Ice/Tmut       2%         N/A       99%         4
 Summon Ice Beast         Ice/Summ       2%         N/A       99%         4


Dungeon Overview and Level Annotations

Branches:
Dungeon (2/15)

Altars:
Wu Jian


Innate Abilities, Weirdness & Mutations

Your demonic aura sometimes causes spilled blood to erupt in flames.
Spells you cast may paralyse adjacent enemies.


Message History

Thar be an op'n door 'ere.
A worm comes inta view.
Ye see 'ere 15 gold pieces.
Ye lunge at tha worm.
Ye hit tha worm.
Tha worm be lightly wounded.
Tha worm barely misses ye.
Ye hit tha worm but do nay damage.
Tha worm be lightly wounded.
Ye hit tha worm but do nay damage.
Tha worm be lightly wounded.
Tha worm bites ye but does nay damage.
Ye hit tha worm but do nay damage.
Tha worm bites ye but does nay damage.
Ye hit tha worm.
Tha worm be moderately wounded.
Tha worm barely misses ye.
Ye hit tha worm but do nay damage.
Tha worm be moderately wounded.
Ye hit tha worm.
Tha worm be heavily wounded.
Tha worm bites ye.
Ye take 6 damage, an' haf 18/24 hp.
MASSIVE DAMAGE!!
Ye hit tha worm.
Tha worm be severely wounded.
Tha worm barely misses ye.
Ye hit tha worm.
Tha worm be almost dead.
Tha worm bites ye!
Ye take 7 damage, an' haf 11/24 hp.
MASSIVE DAMAGE!!
Ye be too injured ta fight recklessly!
Ye barely miss tha worm.
Tha worm be almost dead.
Ye hit tha worm but do nay damage.
Tha worm be almost dead.
Tha worm bites ye!
* * * LOW HITPOINT WARNIN'
* * * Ye take 7 damage, an' haf 4/24 hp.
MASSIVE DAMAGE!!
Ye barely miss tha worm.
Tha worm be almost dead.
Tha worm bites ye.
Ye die...

#... #..........#....
#... ######....##†...
#... #.....[....
#...#######...).#.###
+...+....†)÷....#.#
#...#######.....#.#
#....$..........#..
#....######.....###
#...@#.....<#'#+##
#...w#.#.........#
####.# #.........#
#.# +.........# #.#
#.........#
#..........#+##
############


You could see a worm.

Vanquished Creatures
  Jessica (D:2)
  A bat (D:1)
  3 endoplasms (D:1)
  2 giant cockroaches
  3 goblins (D:1)
  2 hobgoblins (D:1)
  2 quokkas (D:1)
  4 ball pythons (D:2)
  3 frilled lizards
  3 kobolds
  7 rats
31 creatures vanquished.

Notes
Turn   | Place    | Note
-------+----------+-------------------------------------------
     0 | D:1      | ProzacElf the Demonspawn Wanderer began the quest for the
                  | Orb.
     0 | D:1      | ProzacElf set off with the following items: a +2 dagger, 3
                  | curare-tipped darts, a scroll of teleportation, a potion of
                  | lignification, a +0 leather armour; and the following
                  | spells available to memorise: Poisonous Vapours, Static
                  | Discharge.
     0 | D:1      | Reached XP level 1. HP: 13/13 MP: 5/5
   528 | D:1      | Found a faded altar of an unknown god.
   534 | D:1      | Prayed at the altar of an unknown god.
   534 | D:1      | Became a worshipper of the Wu Jian Council
   534 | D:1      | Reached * piety under Wu Jian
   573 | D:1      | Reached skill level 1 in Dodging
   573 | D:1      | Gained mutation: Your demonic aura sometimes causes spilled
                  | blood to erupt in flames. [demonic ancestry]
   573 | D:1      | Reached XP level 2. HP: 19/19 MP: 7/7
  1483 | D:2      | Learned a level 2 spell: Poisonous Vapours
  1653 | D:2      | Gained mutation: Spells you cast may paralyse adjacent
                  | enemies. [demonic ancestry]
  1653 | D:2      | Reached XP level 3. HP: 22/24 MP: 8/8
  1702 | D:2      | Noticed Jessica
  1718 | D:2      | Killed Jessica
  1918 | D:2      | Slain by a worm

Illustrated notes

Levels and vault maps discovered:
D:1:      scummos_arrival_hexagon, layout_loops_corners,
          ebering_ecumenical_altar_box
D:2:      layout_basic, uniq_jessica

Skill      XL: |  1  2  3 |
---------------+----------+-----
Dodging        | 1 2 |  2.6
Throwing       | 4 |  4.0
Armour         | |  1.0
Stealth        | |  1.0
Spellcasting   | |  4.0

Action                   || total
-------------------------++-------
Melee: Dagger            ||    98
       Punch             ||     1
       Falchion          ||    15
Invok: Lunge             ||     3
       Whirlwind         ||     1
 Stab: Sleeping          ||     1
Armor: Leather armour    ||     5
       Ring mail         ||    25
Dodge: Dodged            ||    45
